[ AOE2 MATCH · #506319436 ]
UnrankedJapanese vs Turks
Player's team · WIN
Rival team · LOSS
[ REPLAY ANALYSIS · EXTRACTED FROM THE RECORDED GAME ]
Feudal
8:51
Castle
20:15
Imperial
—
| APM avg | 72.6 |
| APM peak | 114 |
| eAPM avg | 35.8 |
| Villagers / military | 96 / 40 |
Focus
⚔️ 51.9% · 🌾 48.1%
Archer ×19 · Cavalry Archer ×13 · Militia ×4 · Mangonel ×2 · Skirmisher ×2
Feudal
8:51
Castle
20:10
Imperial
—
| APM avg | 90.5 |
| APM peak | 121 |
| eAPM avg | 39.8 |
| Villagers / military | 68 / 62 |
Focus
⚔️ 46.9% · 🌾 53.1%
Archer ×53 · Mangonel ×8 · Spearman ×1
Match map
Initial resources + every placement click. Lines = walls · curves = elevation contours. ◆ gold · ⬟ stone · ● berries · ✦ relic · ◌ wall gap
Your base· ✓ Closed at 20:15 · 39t walls · no gate
iamkaito's base· Open — opponent sealed themselves in
Smoothed initial terrain · ◌ = detected wall gap · hover for details
Inputs per minute
— DS_VarVa - - iamkaito
Build order — DS_VarVa
First 150 of 241 actions detected
| 0:00 | Queue | Villager (Male) |
| 0:00 | Queue | Villager (Male) |
| 0:01 | Queue | Villager (Male) |
| 0:01 | Queue | Villager (Male) |
| 0:02 | Build | House |
| 0:04 | Build | House |
| 1:36 | Queue | Villager (Male) |
| 1:36 | Queue | Villager (Male) |
| 1:51 | Queue | Villager (Male) |
| 2:04 | Queue | Villager (Male) |
| 2:09 | Build | Lumber Camp |
| 2:45 | Queue | Villager (Male) |
| 2:45 | Queue | Villager (Male) |
| 2:52 | Queue | Villager (Male) |
| 2:53 | Queue | Villager (Male) |
| 2:59 | Build | House |
| 3:07 | Build | House |
| 3:11 | Queue | Villager (Male) |
| 3:11 | Queue | Villager (Male) |
| 3:32 | Queue | Villager (Male) |
| 3:32 | Queue | Villager (Male) |
| 4:04 | Queue | Villager (Male) |
| 4:23 | Queue | Villager (Male) |
| 5:09 | Queue | Villager (Male) |
| 5:10 | Queue | Villager (Male) |
| 5:10 | Research | Loom |
| 5:30 | Build | Barracks |
| 5:55 | Build | House |
| 6:18 | Build | Mining Camp |
| 6:38 | Research | Feudal Age |
| 6:38 | Research | Feudal Age |
| 6:55 | Queue | Militia |
| 7:18 | Build | Mill |
| 7:21 | Queue | Militia |
| 7:53 | Build | House |
| 8:02 | Queue | Militia |
| 8:07 | Queue | Villager (Male) |
| 8:08 | Queue | Villager (Male) |
| 8:14 | Build | Mill |
| 8:51 | Age | Feudal Age |
| 8:53 | Research | Man-at-Arms (upgrade) |
| 8:55 | Research | Double-Bit Axe |
| 9:10 | Build | Farm |
| 9:31 | Queue | Militia |
| 9:32 | Build | Farm |
| 9:54 | Build | Farm |
| 10:01 | Queue | Villager (Male) |
| 10:01 | Queue | Villager (Male) |
| 10:02 | Queue | Villager (Male) |
| 10:04 | Research | Arson |
| 10:04 | Research | Arson |
| 10:09 | Build | House |
| 10:11 | Build | Palisade Wall |
| 10:12 | Build | Palisade Wall |
| 10:25 | Queue | Villager (Male) |
| 10:25 | Queue | Villager (Male) |
| 10:32 | Build | Palisade Wall |
| 10:55 | Queue | Villager (Male) |
| 11:05 | Queue | Villager (Male) |
| 11:05 | Queue | Villager (Male) |
| 11:06 | Queue | Villager (Male) |
| 11:16 | Build | House |
| 11:18 | Build | Palisade Wall |
| 11:35 | Queue | Villager (Male) |
| 11:50 | Queue | Villager (Male) |
| 11:52 | Build | Palisade Wall |
| 11:53 | Build | Palisade Wall |
| 12:19 | Queue | Villager (Male) |
| 12:20 | Queue | Villager (Male) |
| 12:24 | Build | Farm |
| 12:25 | Build | Farm |
| 12:25 | Build | Farm |
| 12:49 | Build | Archery Range |
| 12:49 | Queue | Villager (Male) |
| 13:05 | Build | House |
| 13:08 | Build | Farm |
| 13:09 | Build | Farm |
| 13:23 | Queue | Villager (Male) |
| 13:26 | Build | Farm |
| 13:50 | Queue | Villager (Male) |
| 13:51 | Build | Farm |
| 13:54 | Queue | Archer |
| 14:01 | Queue | Villager (Male) |
| 14:20 | Build | Blacksmith |
| 14:45 | Queue | Archer |
| 14:46 | Queue | Villager (Male) |
| 14:47 | Queue | Villager (Male) |
| 14:47 | Queue | Villager (Male) |
| 15:09 | Queue | Archer |
| 15:17 | Build | Archery Range |
| 15:32 | Queue | Villager (Male) |
| 15:33 | Queue | Villager (Male) |
| 15:37 | Build | Farm |
| 15:40 | Queue | Archer |
| 16:00 | Queue | Archer |
| 16:01 | Queue | Villager (Male) |
| 16:01 | Queue | Villager (Male) |
| 16:02 | Queue | Villager (Male) |
| 16:03 | Build | Farm |
| 16:39 | Queue | Archer |
| 16:44 | Queue | Archer |
| 16:45 | Queue | Archer |
| 16:52 | Build | Farm |
| 16:56 | Build | House |
| 16:58 | Build | House |
| 16:59 | Build | House |
| 17:06 | Queue | Villager (Male) |
| 17:07 | Queue | Archer |
| 17:07 | Queue | Archer |
| 17:35 | Research | Castle Age |
| 17:36 | Research | Castle Age |
| 17:41 | Build | Lumber Camp |
| 17:56 | Build | House |
| 18:01 | Research | Fletching |
| 18:06 | Queue | Skirmisher |
| 18:06 | Queue | Skirmisher |
| 18:13 | Queue | Archer |
| 18:16 | Queue | Villager (Male) |
| 18:16 | Queue | Villager (Male) |
| 18:18 | Build | House |
| 18:32 | Queue | Archer |
| 18:33 | Queue | Archer |
| 18:56 | Build | House |
| 19:07 | Queue | Archer |
| 19:07 | Queue | Archer |
| 19:27 | Queue | Archer |
| 19:30 | Build | House |
| 19:37 | Research | Gold Mining |
| 19:38 | Research | Gold Mining |
| 19:45 | Build | Lumber Camp |
| 19:48 | Build | House |
| 20:15 | Age | Castle Age |
| 20:18 | Research | Crossbowman (upgrade) |
| 20:21 | Research | Bodkin Arrow |
| 20:21 | Research | Bodkin Arrow |
| 20:22 | Queue | Villager (Male) |
| 20:24 | Build | University |
| 20:39 | Queue | Villager (Male) |
| 21:19 | Build | Market |
| 21:31 | Research | Ballistics |
| 21:32 | Research | Ballistics |
| 21:44 | Queue | Villager (Male) |
| 21:51 | Build | Mining Camp |
| 22:08 | Build | Town Center |
| 22:17 | Queue | Villager (Male) |
| 22:23 | Queue | Villager (Male) |
| 22:30 | Queue | Archer |
| 22:30 | Queue | Archer |
| 22:40 | Queue | Villager (Male) |
| 22:43 | Queue | Villager (Male) |
Build order — iamkaito
First 150 of 222 actions detected
| 0:00 | Queue | Villager (Male) |
| 0:01 | Queue | Villager (Male) |
| 0:01 | Queue | Villager (Male) |
| 0:01 | Queue | Villager (Male) |
| 0:02 | Build | House |
| 0:05 | Build | House |
| 1:31 | Queue | Villager (Male) |
| 2:01 | Queue | Villager (Male) |
| 2:14 | Queue | Villager (Male) |
| 2:17 | Build | Mill |
| 2:45 | Queue | Villager (Male) |
| 3:04 | Queue | Villager (Male) |
| 3:32 | Queue | Villager (Male) |
| 3:32 | Queue | Villager (Male) |
| 3:49 | Queue | Villager (Male) |
| 3:52 | Build | House |
| 4:11 | Queue | Villager (Male) |
| 4:32 | Queue | Villager (Male) |
| 4:43 | Queue | Villager (Male) |
| 4:44 | Queue | Villager (Male) |
| 4:52 | Queue | Villager (Male) |
| 5:57 | Build | Lumber Camp |
| 6:38 | Research | Feudal Age |
| 7:03 | Research | Loom |
| 7:21 | Build | House |
| 7:23 | Build | Palisade Wall |
| 8:47 | Build | Barracks |
| 8:51 | Age | Feudal Age |
| 8:51 | Build | Palisade Wall |
| 8:57 | Queue | Villager (Male) |
| 8:57 | Queue | Villager (Male) |
| 8:59 | Queue | Villager (Male) |
| 9:03 | Build | Mining Camp |
| 9:11 | Build | Palisade Gate |
| 9:13 | Queue | Villager (Male) |
| 9:14 | Queue | Villager (Male) |
| 9:25 | Build | House |
| 9:27 | Build | Palisade Wall |
| 9:30 | Build | House |
| 9:31 | Queue | Villager (Male) |
| 9:39 | Build | Palisade Wall |
| 9:40 | Build | Palisade Wall |
| 9:45 | Build | Palisade Wall |
| 9:46 | Queue | Villager (Male) |
| 9:46 | Queue | Villager (Male) |
| 9:52 | Build | Palisade Wall |
| 9:56 | Build | Archery Range |
| 10:08 | Build | Palisade Wall |
| 10:10 | Queue | Villager (Male) |
| 10:28 | Queue | Spearman |
| 10:29 | Queue | Villager (Male) |
| 10:35 | Queue | Archer |
| 10:35 | Queue | Archer |
| 10:39 | Build | Palisade Wall |
| 10:40 | Build | Palisade Wall |
| 10:42 | Build | Palisade Wall |
| 10:45 | Build | Palisade Wall |
| 10:54 | Queue | Villager (Male) |
| 10:54 | Queue | Villager (Male) |
| 10:54 | Queue | Villager (Male) |
| 11:29 | Build | Palisade Wall |
| 11:30 | Build | Palisade Wall |
| 11:33 | Build | Palisade Wall |
| 11:43 | Queue | Villager (Male) |
| 11:56 | Build | House |
| 12:06 | Queue | Archer |
| 12:18 | Build | Mill |
| 12:30 | Queue | Archer |
| 12:31 | Queue | Archer |
| 12:42 | Build | Farm |
| 12:44 | Build | Farm |
| 12:53 | Build | House |
| 12:57 | Queue | Archer |
| 13:04 | Build | Farm |
| 13:07 | Build | Farm |
| 13:15 | Build | House |
| 13:21 | Queue | Villager (Male) |
| 13:23 | Build | Palisade Wall |
| 13:24 | Build | Palisade Wall |
| 13:25 | Build | Palisade Wall |
| 13:31 | Build | Farm |
| 13:36 | Build | Palisade Wall |
| 13:37 | Build | Palisade Wall |
| 13:44 | Queue | Villager (Male) |
| 13:59 | Build | Farm |
| 14:04 | Queue | Archer |
| 14:09 | Build | Palisade Wall |
| 14:42 | Queue | Villager (Male) |
| 14:47 | Queue | Villager (Male) |
| 14:57 | Build | Market |
| 14:58 | Queue | Villager (Male) |
| 15:02 | Build | Farm |
| 15:14 | Build | Farm |
| 15:16 | Queue | Villager (Male) |
| 15:26 | Queue | Villager (Male) |
| 15:28 | Build | Farm |
| 15:31 | Build | House |
| 16:03 | Build | House |
| 16:11 | Queue | Archer |
| 16:14 | Queue | Villager (Male) |
| 16:14 | Queue | Villager (Male) |
| 16:18 | Build | House |
| 16:38 | Build | House |
| 16:38 | Queue | Villager (Male) |
| 16:39 | Queue | Villager (Male) |
| 16:44 | Build | House |
| 16:55 | Build | Archery Range |
| 16:55 | Queue | Villager (Male) |
| 17:12 | Build | House |
| 17:30 | Research | Castle Age |
| 17:34 | Build | Palisade Wall |
| 17:35 | Queue | Archer |
| 17:35 | Queue | Archer |
| 17:50 | Queue | Archer |
| 18:27 | Build | Blacksmith |
| 18:30 | Queue | Archer |
| 18:45 | Build | Palisade Wall |
| 18:53 | Research | Fletching |
| 18:55 | Queue | Archer |
| 19:15 | Queue | Archer |
| 19:15 | Queue | Archer |
| 19:28 | Queue | Archer |
| 19:39 | Build | Lumber Camp |
| 19:58 | Queue | Archer |
| 20:00 | Build | House |
| 20:10 | Age | Castle Age |
| 20:16 | Research | Crossbowman (upgrade) |
| 20:19 | Research | Bodkin Arrow |
| 20:20 | Queue | Villager (Male) |
| 20:20 | Queue | Villager (Male) |
| 20:43 | Queue | Villager (Male) |
| 20:57 | Queue | Villager (Male) |
| 20:57 | Queue | Villager (Male) |
| 20:59 | Build | University |
| 21:11 | Queue | Archer |
| 21:16 | Build | House |
| 21:31 | Queue | Villager (Male) |
| 21:44 | Queue | Archer |
| 21:44 | Queue | Archer |
| 21:46 | Queue | Villager (Male) |
| 21:49 | Build | House |
| 21:56 | Queue | Villager (Male) |
| 21:56 | Queue | Villager (Male) |
| 22:01 | Queue | Archer |
| 22:13 | Research | Double-Bit Axe |
| 22:15 | Queue | Villager (Male) |
| 22:23 | Queue | Archer |
| 22:23 | Queue | Archer |
| 22:29 | Build | House |
| 22:30 | Build | House |
Match timeline
| 5:30 | DS_VarVa · first_building Barracks |
| 7:23 | iamkaito · wall_segment Palisade Wall x1 |
| 8:47 | iamkaito · first_building Barracks |
| 8:51 | iamkaito · age_up feudal |
| 8:51 | iamkaito · wall_segment Palisade Wall x1 |
| 8:51 | DS_VarVa · age_up feudal |
| 9:27 | iamkaito · wall_segment Palisade Wall x1 |
| 9:39 | iamkaito · wall_segment Palisade Wall x1 |
| 9:40 | iamkaito · wall_segment Palisade Wall x1 |
| 9:45 | iamkaito · wall_segment Palisade Wall x1 |
| 9:52 | iamkaito · wall_segment Palisade Wall x1 |
| 9:56 | iamkaito · first_building Archery Range |
| 10:08 | iamkaito · wall_segment Palisade Wall x4 |
| 10:11 | DS_VarVa · wall_segment Palisade Wall x4 |
| 10:12 | DS_VarVa · wall_segment Palisade Wall x8 |
| 10:32 | DS_VarVa · wall_segment Palisade Wall x13 |
| 10:39 | iamkaito · wall_segment Palisade Wall x2 |
| 10:40 | iamkaito · wall_segment Palisade Wall x1 |
| 10:42 | iamkaito · wall_segment Palisade Wall x2 |
| 10:45 | iamkaito · wall_segment Palisade Wall x1 |
| 11:18 | DS_VarVa · wall_segment Palisade Wall x8 |
| 11:29 | iamkaito · wall_segment Palisade Wall x1 |
| 11:30 | iamkaito · wall_segment Palisade Wall x1 |
| 11:33 | iamkaito · wall_segment Palisade Wall x1 |
| 11:52 | DS_VarVa · wall_segment Palisade Wall x6 |
| 11:53 | DS_VarVa · wall_segment Palisade Wall x1 |
| 12:49 | DS_VarVa · first_building Archery Range |
| 13:23 | iamkaito · wall_segment Palisade Wall x2 |
| 13:24 | iamkaito · wall_segment Palisade Wall x1 |
| 13:25 | iamkaito · wall_segment Palisade Wall x4 |
| 13:36 | iamkaito · wall_segment Palisade Wall x1 |
| 13:37 | iamkaito · wall_segment Palisade Wall x8 |
| 14:09 | iamkaito · wall_segment Palisade Wall x6 |
| 17:01 | iamkaito · first_market_sell 500 stone |
| 17:02 | iamkaito · first_market_buy 100 food |
| 17:34 | iamkaito · wall_segment Palisade Wall x7 |
| 18:45 | iamkaito · wall_segment Palisade Wall x1 |
| 20:10 | iamkaito · age_up castle |
| 20:15 | DS_VarVa · age_up castle |
| 22:47 | DS_VarVa · first_building Siege Workshop |
| 22:51 | DS_VarVa · first_market_sell 100 food |
| 23:03 | iamkaito · wall_segment Palisade Wall x3 |
| 23:08 | iamkaito · first_building Siege Workshop |
| 26:24 | DS_VarVa · wall_segment Palisade Wall x1 |
| 28:58 | DS_VarVa · first_building Stable |
| 30:40 | iamkaito · resign |
[ AI ANALYSIS · 1 CREDIT ]
What really happened in this match?
Wolo.gg analyzes every decision: build order, eco, micro, common mistakes by bracket. Personalized analysis on WhatsApp or Discord in 30 seconds.
Civ guide
Japanese
Perfil
Jugador #4129359